Map: Orbital Shipyard

Players

ILLBdA

  • Race: Protoss Protoss
  • League: Diamond

홍준기 - Winner!

  • Race: Terran Terran
  • League: Diamond

VOD

Have the link to the VOD?

Description

Time

  • Played on: Dec. 20, 2015, 7:53 a.m.
  • Length: 7:39
Show
View Real Time Build Order
Export as new Build Order

ILLBdA Protoss 

Build Orders: Cannon Rush, Oracle Opening 

Get SALT Encoding   

  12  0:01  Probe (Chrono Boost)  
  13  0:12  Probe (Chrono Boost)  
  14  0:19  Pylon  
  14  0:22  Probe (Chrono Boost)  
  15  0:37  Probe (Chrono Boost)  
  15  0:38  Forge  
  16  0:48  Probe (Chrono Boost)  
  17  0:58  Probe (Chrono Boost)  
  18  1:16  Pylon  
  18  1:19  Pylon  
  18  1:20  Probe (Chrono Boost)  
  19  1:36  Photon Cannon  
  19  1:38  Photon Cannon  
  19  1:45  Gateway  
  19  1:47  Assimilator  
  19  1:48  Probe (Chrono Boost)  
  20  1:58  Photon Cannon  
  20  2:03  Assimilator  
  20  2:15  Pylon  
  20  2:18  Probe (Chrono Boost)  
  20  2:28  Probe (Chrono Boost)  
  21  2:35  Cybernetics Core  
  23  2:41  Probe (Chrono Boost)  
  22  2:58  Nexus  
  22  3:01  Pylon  
  22  3:02  Probe (Chrono Boost)  
  23  3:13  Stargate  
  23  3:14  Warp Gate (Chrono Boost)  
  23  3:21  Mothership Core (Chrono Boost)  
  25  3:34  Pylon  
  25  3:40  Probe (Chrono Boost)  
  26  3:41  Stalker  
  28  3:50  Probe (Chrono Boost)  
  29  3:56  Oracle  
  16  4:40  Probe (Chrono Boost)  
  16  4:43  Adept (Chrono Boost)  
  16  4:52  Probe  
  16  4:53  Probe  
  17  5:09  Probe  
  17  5:10  Probe  
  19  5:21  Probe  
  19  5:24  Probe  
  19  5:45  Probe x2 (Chrono Boost)  
  19  5:48  Zealot  
  23  5:55  Probe x2 (Chrono Boost)  
  25  6:05  Probe  
  25  6:07  Probe  
  25  6:08  Adept  
  29  6:15  Probe  
  30  6:19  Probe  
  31  6:27  Gateway  
  31  6:29  Stalker  
  31  6:32  Probe  
  33  6:33  Probe  
  35  6:43  Gateway  
  35  6:45  Probe (Chrono Boost)  
  36  6:49  Adept  
  36  6:52  Probe (Chrono Boost)  
  39  6:57  Probe (Chrono Boost)  
  40  7:17  Probe (Chrono Boost)  
  40  7:19  Sentry  
  43  7:24  Adept  
  43  7:26  Probe (Chrono Boost)  
  43  7:29  Pylon  
  44  7:37  Pylon  
Show
View Real Time Build Order
Export as new Build Order

홍준기 Terran - Winner!

Build Orders:  

Get SALT Encoding   

  12  0:01  SCV  
  13  0:13  SCV  
  14  0:17  Supply Depot  
  14  0:25  SCV  
  15  0:39  SCV, Barracks  
  16  0:47  Refinery  
  16  0:51  SCV  
  17  0:59  Supply Depot  
  17  1:03  SCV  
  18  1:15  SCV  
  19  1:26  Marine  
  19  1:30  Orbital Command  
  20  1:39  Barracks  
  20  1:45  Marine  
  21  1:51  Barracks  
  21  1:55  SCV  
  22  2:03  Marine  
  23  2:11  Supply Depot  
  23  2:28  Supply Depot  
  23  2:33  Marine  
  23  2:35  Command Center  
  24  2:41  Marine  
  24  2:42  Marine  
  26  2:48  SCV  
  26  2:50  Marine  
  28  2:59  Marine x2  
  28  3:00  SCV  
  31  3:08  Marine  
  32  3:13  SCV  
  32  3:15  Supply Depot  
  32  3:17  Marine x2  
  35  3:25  SCV  
  35  3:26  Marine  
  37  3:35  Marine  
  37  3:36  Marine  
  37  3:37  SCV  
  40  3:44  Marine  
  40  3:46  Supply Depot  
  41  3:49  SCV  
  41  3:53  Marine  
  43  3:56  Bunker  
  40  4:03  Bunker  
  40  4:04  Marine x2  
  41  4:11  Marine  
  39  4:23  Marine x2  
  32  4:30  SCV  
  33  4:33  Orbital Command  
  27  4:43  SCV  
  27  4:44  Marine x2  
  29  4:46  Barracks Tech Lab  
  29  4:50  Barracks  
  28  4:55  SCV  
  28  5:06  Marine x2, Marauder  
  30  5:07  SCV  
  30  5:12  SCV  
  31  5:19  SCV  
  32  5:22  Stimpack  
  32  5:26  Marine  
  32  5:27  Marine  
  30  5:45  Marine  
  30  5:46  Marauder, Marine x2  
  34  5:50  Barracks  
  34  5:54  SCV  
  34  5:55  SCV  
  36  6:06  SCV  
  36  6:07  SCV, Marine x3  
  36  6:09  Marauder  
  43  6:18  SCV  
  44  6:19  SCV, Factory  
  44  6:20  Refinery  
  45  6:26  Marine x2  
  45  6:27  Marine  
  45  6:30  SCV, Marauder  
  45  6:32  SCV  
  52  6:41  Marine  
  52  6:42  SCV  
  52  6:44  SCV, Marine x3  
  58  6:51  Marauder  
  60  6:54  SCV  
  60  6:56  SCV  
  60  7:00  Engineering Bay  
  62  7:06  SCV  
  62  7:08  SCV, Starport  
  64  7:09  Factory Reactor  
  64  7:13  Refinery  
  64  7:17  Marine x2  
  64  7:18  Marine x3  
  64  7:19  SCV  
  70  7:23  Supply Depot, Refinery  
  70  7:27  SCV  
Tags
 
Add a new tag
Caveats
  • Supply blocks, unpowered buildings, or Contaminate may cause inaccurate times.
  • Supply counts are checked every 10 seconds.